[Event "*** Titled Tuesday Blitz"]
[Site "Chess.com"]
[Date "2020.04.21"]
[Round "2"]
[White "EvgenyRomanov"]
[Black "igorcadilhac"]
[Result "1-0"]
[WhiteElo "2623"]
[BlackElo "2308"]
[TimeControl "180+1"]
[EndTime "10:17:49 PDT"]
[Termination "EvgenyRomanov won on time"]

1. c4 c5 2. Nf3 Nc6 3. d4 cxd4 4. Nxd4 e6 5. Nc3 Nf6 6. Bf4 d6 7. Nxc6 bxc6 8. g3 e5 9. Bg5 Be6 10. Qa4 Qd7 11. Bg2 Rc8 12. Bxf6 gxf6 13. O-O f5 14. Rad1 h5 15. h4 Rg8 16. Rd2 Bh6 17. e3 f4 18. Ne4 Kf8 19. exf4 exf4 20. Nf6 Qe7 21. Nxg8 Kxg8 22. Rd3 Bf5 23. Ra3 fxg3 24. fxg3 Bg4 25. Qc2 Qe5 26. Kh2 f5 27. Rxa7 Be3 28. Rb7 Kf8 29.
a4 Bd4 30. b4 Qf6 31. Bh3 Be5 32. Rxf5 Bxf5 33. Qxf5 Qxf5 34. Bxf5 Ra8 35. a5 Bc3 36. Be4 c5 37. Rb6 Bxb4 38. Bxa8 1-0

[Event "*** Titled Tuesday Blitz"]
[Site "Chess.com"]
[Date "2020.04.21"]
[Round "2"]
[White "csati17"]
[Black "youngKID"]
[Result "0-1"]
[WhiteElo "2547"]
[BlackElo "2797"]
[TimeControl "180+1"]
[EndTime "10:17:50 PDT"]
[Termination "youngKID won by resignation"]

1. c4 e5 2. g3 g6 3. Bg2 Bg7 4.
Nc3 Ne7 5. e3 O-O 6. Nge2 c6 7. d4 exd4 8. exd4 d5 9. cxd5 cxd5 10.
O-O Nbc6 11. Be3 Bg4 12. Qd2 Bxe2 13. Nxe2 Qb6 14. Rfd1 Rad8 15. Bg5 Rfe8 16. Rac1 h6 17. Bxh6 Bxh6 18. Qxh6 Qxb2 19. Rd2 Qb4 20. Rcd1 Nf5 21. Qg5 Re7 22. Nf4 Re1+ 23. Bf1 Rxd1 24. Rxd1 Nfxd4 25. Bg2 Qa4 26. Re1 Qa5 27. Rd1 Qa4 28. Rf1 Qxa2 29. Bxd5 Qc2 30. Nh5 Rxd5 31. Nf6+ Kg7 32. Ne8+ Kf8 33.
Qxd5 Kxe8 34. Re1+ Kf8 35. Kg2 Kg7 36. Qe5+ Nxe5 0-1

[Event "*** Titled Tuesday Blitz"]
[Site "Chess.com"]
[Date "2020.04.21"]
[Round "2"]
[White "dragos420"]
[Black "Swarnapuri"]
[Result "1/2-1/2"]
[WhiteElo "2509"]
[BlackElo "2710"]
[TimeControl "180+1"]
[EndTime "10:17:50 PDT"]
[Termination "Game drawn by repetition"]

1. e4 Nc6 2. Nf3 d6 3. d4 Nf6 4.
Nc3 Bg4 5. Be3 e5 6. d5 Ne7 7. Be2 Ng6 8. h3 Bd7 9. Qd2 Be7 10. O-O-O c5 11. g4 h6 12. Rdg1 Nh7 13. h4 Nxh4 14.
Nxh4 Bxh4 15. g5 hxg5 16. Nb5 Bxb5 17. Bxb5+ Kf8 18. Be2 g6 19. Rh3 f6 20. Bg4 Kg7 21.
f3 Nf8 22. Qg2 b5 23. Rgh1 Rh7 24. Bf2 Bxf2 25. Rxh7+ Nxh7 26. Qxf2 Qg8 27. Qh2 Nf8 28. Qh6+ Kf7 29. Qh3 Re8 30. Bd7 Re7 31. Bxb5 a6 32.
Bxa6 Nd7 33. Bb5 Nb6 34. Bc6 Nc4 35. b3 Na5 36. Bd7 Kf8 37. Be6 Qg7 38. Qh8+ Qxh8 39. Rxh8+ Kg7 40. Rg8+ Kh6 41. Rf8 Kg7 42. Rg8+ Kh6 43.
Rf8 Kg7 44. Rg8+ 1/2-1/2

[Event "*** Titled Tuesday Blitz"]
[Site "Chess.com"]
[Date "2020.04.21"]
[Round "2"]
[White "Shota_Azaladze"]
[Black "Cecile-Haussernot"]
[Result "1-0"]
[WhiteElo "2743"]
[BlackElo "2338"]
[TimeControl "180+1"]
[EndTime "10:17:50 PDT"]
[Termination "Shota_Azaladze won by resignation"]

1. Nf3 d5 2. g3 Nf6 3. Bg2 c5 4. O-O Nc6 5. c4 e6 6. cxd5 exd5 7. d4 Be7 8. Nc3 O-O 9. dxc5 Bxc5 10. Na4 Be7 11.
Be3 Be6 12. a3 Rc8 13. b4 Qd7 14. Nc5 Bxc5 15. Bxc5 Rfd8 16. Re1 b6 17. Bd4 Ne4 18. Rc1 Nxd4 19. Nxd4 Rxc1 20. Qxc1 Rc8 21. Qf4 Nc3 22. Bf3 h6 23. h4 Rc4 24. Qe3 Na4 25. Rd1 Nc3 26. Rd3 Qc8 27. b5 Bd7 28. a4 Nxa4 29.
Bxd5 Rc1+ 30. Kg2 Nb2 31. Rb3 Nd1 32. Qf4 Bh3+ 33. Kh2 Qd7 34. e4 Be6 35. Nxe6 fxe6 36.
Bc6 Qd4 37. Rf3 Nxf2 38. Rxf2 Qd1 39. Qf8+ Kh7 40. Qf3 Qg1+ 41. Kh3 1-0

[Event "*** Titled Tuesday Blitz"]
[Site "Chess.com"]
[Date "2020.04.21"]
[Round "2"]
[White "Usurpov"]
[Black "shyam"]
[Result "1-0"]
[WhiteElo "2436"]
[BlackElo "2649"]
[TimeControl "180+1"]
[EndTime "10:17:51 PDT"]
[Termination "Usurpov won by checkmate"]

1. e4 c5 2. Nf3 Nc6 3. d4 cxd4 4. Nxd4 e5 5. Nb5 d6 6. c4 Be7 7. N1c3 a6 8. Na3 f5 9. exf5 Bxf5 10. Bd3 Be6 11. O-O Nf6 12. Nc2 O-O 13. b3 Qd7 14. Ne3 Kh8 15. Bb2 Rae8 16. Ne4 Nd4 17. Ng5 Bg8 18.
Bxd4 exd4 19. Nf5 d5 20. Nxe7 Qxe7 21. Re1 Qxe1+ 22. Qxe1 Rxe1+ 23. Rxe1 dxc4 24. Bxc4 Bxc4 25. bxc4 h6 26. Nf3 Rc8 27. Nxd4 Rxc4 28. Nf5 Rc2 29. f3 Rxa2 30. Re7 b5 31. Rxg7 b4 32. Rb7 a5 33.
Nxh6 Rc2 34. g4 a4 35. g5 a3 36. g6 Rc1+ 37. Kg2 Rc2+ 38. Kh3 Nh5 39. Rh7# 1-0

[Event "*** Titled Tuesday Blitz"]
[Site "Chess.com"]
[Date "2020.04.21"]
[Round "2"]
[White "theblitzchamp"]
[Black "DDTerziev04"]
[Result "1-0"]
[WhiteElo "2638"]
[BlackElo "2287"]
[TimeControl "180+1"]
[EndTime "10:17:51 PDT"]
[Termination "theblitzchamp won by resignation"]

1. d4 d5 2. Bf4 Nf6 3. e3 c5 4. c3 Nc6 5. Nd2 Bf5 6. Ngf3 Qb6 7. Qb3 c4 8. Qxb6 axb6 9. Ne5 Nxe5 10. Bxe5 e6 11. f3 b5 12. g4 Bg6 13. h4 h5 14. g5 Nd7 15. Bg3 b4 16. e4 bxc3 17. bxc3 Ba3 18. Rb1 b6 19. Rb5 Ra5 20. Rxa5 bxa5 21.
Bc7 a4 22. f4 Ke7 23. f5 exf5 24. exd5 Bd6 25. Bxd6+ Kxd6 26. Bxc4 Nb6 27. Kd1 Rc8 28. Bd3 Rxc3 29. Bb1 Nxd5 30. Re1 f4 31. Bxg6 fxg6 32. Ne4+ Kc6 33. Nxc3 Nxc3+ 34. Kc2 Nxa2 35. Re6+ Kd5 36. Rxg6 Nb4+ 37. Kb1 Kxd4 38. Rxg7 f3 39. Rf7 Ke3 40. g6 Nd5 41. g7 1-0

[Event "*** Titled Tuesday Blitz"]
[Site "Chess.com"]
[Date "2020.04.21"]
[Round "2"]
[White "NicoChasin"]
[Black "checkmatequen"]
[Result "1-0"]
[WhiteElo "2459"]
[BlackElo "2228"]
[TimeControl "180+1"]
[EndTime "10:17:51 PDT"]
[Termination "NicoChasin won on time"]

1. e4 c5 2. Nf3 e6 3. d4 cxd4 4. Nxd4 a6 5. Nc3 Qc7 6. g3 Bb4 7. Qd3 Nc6 8. Nxc6 dxc6 9. Bg2 Nf6 10. O-O O-O 11. a3 Rd8 12. Bf4 Qe7 13. Qc4 Bxc3 14.
Qxc3 Nh5 15. Be3 e5 16. Bb6 Re8 17. Rad1 Nf6 18. Bc5 Qe6 19. Rd6 Qg4 20. f3 Qg6 21.
Rfd1 h5 22. Rd8 Be6 23. Rxa8 Rxa8 24. Qxe5 Nd7 25. Qd6 Nxc5 26. Qxc5 h4 27. g4 Bxg4 28.
fxg4 Qxg4 29. Rd3 h3 30. Rxh3 Qd1+ 31. Bf1 Rd8 32. Rg3 Rd2 33. Qc3 g6 34. Qf3 Qxc2 35.
Rg2 Qc5+ 36. Kh1 Rd4 37. Rf2 Qe7 38. Bg2 c5 39. Qc3 b5 40. Rf1 a5 41. Qxa5 Rxe4 42. Qa8+ Kg7 43. Qxe4 1-0

[Event "*** Titled Tuesday Blitz"]
[Site "Chess.com"]
[Date "2020.04.21"]
[Round "2"]
[White "harkerchess"]
[Black "VinzentSpitzl"]
[Result "0-1"]
[WhiteElo "1949"]
[BlackElo "2370"]
[TimeControl "180+1"]
[EndTime "10:17:51 PDT"]
[Termination "VinzentSpitzl won by checkmate"]

1. d4 d5 2. c4 e6 3. Nc3 Bb4 4. cxd5 exd5 5. e3 Nf6 6. Bd3 O-O 7. Bd2 c6 8. Qc2 Be6 9. Nge2 Nbd7 10. O-O c5 11. a3 Bxc3 12. bxc3 c4 13. Bf5 Qe7 14. Nf4 Bxf5 15. Qxf5 Qd6 16. a4 g6 17. Qc2 Rfe8 18. Bc1 b6 19. Ba3 Qc6 20. Rfe1 a6 21. f3 b5 22. axb5 axb5 23. Bb4 Rxa1 24. Rxa1 Ra8 25. Qb2 Ra6 26. Rxa6 Qxa6 27. Qa3 Qxa3 28.
Bxa3 Nb6 29. g4 h6 30. Kf2 g5 31. Ne2 Nfd7 32. Ke1 f6 33. Kd2 Kf7 34. f4 Nb8 35. Ng3 Nc6 36. Nf5 Kg6 37. Nd6 gxf4 38. exf4 b4 39.
cxb4 Nxd4 40. b5 f5 41. Bc5 Nb3+ 42. Kc3 Nxc5 43. gxf5+ Kf6 44. Kd4 Nb3+ 45. Kc3 d4+ 46. Kc2 d3+ 47. Kc3 Nc5 48. h4 Ke7 49. Nxc4 Nxc4 50.
Kxc4 d2 51. b6 d1=Q 52. Kxc5 Qc2+ 53. Kb5 Kd6 54. f6 Qb3+ 55. Ka6 Kc6 56. b7 Qb6# 0-1

[Event "*** Titled Tuesday Blitz"]
[Site "Chess.com"]
[Date "2020.04.21"]
[Round "2"]
[White "Squirlolz"]
[Black "SantoBlue"]
[Result "0-1"]
[WhiteElo "2564"]
[BlackElo "2824"]
[TimeControl "180+1"]
[EndTime "10:17:52 PDT"]
[Termination "SantoBlue won by resignation"]

1. e4 e5 2. Nf3 Nc6 3. Bb5 a6 4. Ba4 Nf6 5. O-O Be7 6. Re1 b5 7. Bb3 O-O 8. a4 Bb7 9. d3 d6 10. Nbd2 Nd7 11. axb5 axb5 12. Rxa8 Qxa8 13. c3 Nc5 14. Bc2 b4 15. d4 bxc3 16. bxc3 Nd7 17. Nc4 Bf6 18. Ne3 exd4 19. cxd4 Nb4 20. Ng4 Nxc2 21.
Qxc2 Bd8 22. d5 Re8 23. Ne3 Nf6 24. Nf5 Bc8 25. N5d4 Nd7 26. Nc6 Bf6 27. h3 Bb7 28. Ncd4 Nc5 29. Bd2 Ba6 30. Nb3 Bd3 31. Qd1 Nxe4 32.
Ba5 Bc4 33. Bxc7 Bxd5 34. Nbd4 Rc8 35. Bb6 g6 36. Qb1 Nc3 37. Qb4 Ne4 38. Qa5 Qb7 39. Ne2 Nc3 40. Bd4 Nxe2+ 41. Rxe2 Bxf3 42. Bxf6 Bxe2 43. Qg5 Qb1+ 44. Kh2 Qf5 45. Qh6 Qxf6 0-1

[Event "*** Titled Tuesday Blitz"]
[Site "Chess.com"]
[Date "2020.04.21"]
[Round "2"]
[White "BasilSmash"]
[Black "EnergeticHay"]
[Result "1-0"]
[WhiteElo "2441"]
[BlackElo "2211"]
[TimeControl "180+1"]
[EndTime "10:17:52 PDT"]
[Termination "BasilSmash won by resignation"]

1. d4 Nf6 2. Nf3 g6 3. g3 Bg7 4. Bg2 O-O 5. O-O d6 6. b3 c5 7. Bb2 cxd4 8. Nxd4 e5 9. Nb5 Ne8 10. c4 a6 11. N5c3 Nc6 12. Nd5 Nf6 13. Nbc3 Nxd5 14. Nxd5 Be6 15. Qd2 Bxd5 16. Bxd5 Qd7 17. Rfd1 Ne7 18. Bg2 Rad8 19. Rac1 Kh8 20. Ba3 Qe6 21.
Bxb7 e4 22. e3 f5 23. Bxd6 g5 24. c5 f4 25. Bxa6 f3 26. Qc2 Rf6 27. Bf1 Nf5 28. Qc4 Qe8 29. Be5 Rxd1 30. Bxf6 Rxf1+ 31. Rxf1 Bxf6 32. c6 Be5 33. c7 Nd6 34. Qc5 Qe7 35. c8=Q+ Nxc8 36. Qxc8+ Kg7 37. Rd1 Bd6 38. Qc6 Qe6 39. Qxd6 Qh3 40. Qd7+ Qxd7 41. Rxd7+ 1-0

[Event "*** Titled Tuesday Blitz"]
[Site "Chess.com"]
[Date "2020.04.21"]
[Round "2"]
[White "Nafania1"]
[Black "avocadosheena"]
[Result "0-1"]
[WhiteElo "2384"]
[BlackElo "2136"]
[TimeControl "180+1"]
[EndTime "10:17:52 PDT"]
[Termination "avocadosheena won by resignation"]

1. e4 e6 2. d4 d5 3. e5 c5 4. c3 Nc6 5. Nf3 Qb6 6. Be2 cxd4 7. cxd4 Nh6 8. Bd3 Bd7 9. Nc3 Nxd4 10. Nxd4 Qxd4 11. O-O Qb6 12. Bxh6 gxh6 13. Qd2 O-O-O 14.
b4 Kb8 15. a3 Bg7 16. Qf4 Rdf8 17. Rac1 Qd8 18. Bb5 Bc8 19. Rfe1 Qg5 20. Qd4 f6 21. f4 Qg6 22. Bd3 fxe5 23. fxe5 Qg5 24. Nb5 b6 25. Rc7 Bb7 26. Rxb7+ Kxb7 27. Nd6+ Kb8 28.
Qc3 Qe7 29. Rc1 Rd8 30. Qc6 Qd7 31. Qxd7 Rxd7 32. Bb5 Rc7 33. Rxc7 Kxc7 34. Nf7 Rf8 35. Nd6 Bxe5 36. Ne8+ Kd8 37. g3 Rxe8 38. Bxe8 Kxe8 39. Kf2 Ke7 0-1

[Event "*** Titled Tuesday Blitz"]
[Site "Chess.com"]
[Date "2020.04.21"]
[Round "2"]
[White "IljaJoke"]
[Black "swayamsm"]
[Result "1/2-1/2"]
[WhiteElo "2496"]
[BlackElo "2696"]
[TimeControl "180+1"]
[EndTime "10:17:53 PDT"]
[Termination "Game drawn by repetition"]

1. d4 Nf6 2. c4 e6 3. g3 c5 4. Nf3 cxd4 5. Nxd4 d5 6. Bg2 e5 7. Nf3 d4 8. O-O Nc6 9. e3 Be7 10. exd4 exd4 11. b4 O-O 12. b5 Na5 13. Qxd4 Qxd4 14. Nxd4 Nxc4 15. Nd2 Nxd2 16. Bxd2 Rd8 17. Bc3 Nd5 18.
Bb2 Bf6 19. Rfd1 Bg4 20. f3 Bd7 21. Kf2 Bxb5 22. Nxb5 Bxb2 23. Rab1 Bf6 24. f4 a6 25. Rxd5 axb5 26. Rxd8+ Bxd8 27. Bd5 Ra5 28. Rd1 Kf8 29. Kf3 Be7 30. Bb3 Ke8 31. Rd5 Bd8 32. h4 b4 33.
Rxa5 Bxa5 34. Ke4 Ke7 35. g4 Bb6 36. h5 h6 37. Bc4 Bf2 38. Bb3 Be1 39. Bc4 Bd2 40. Bb3 Kd6 41. Bxf7 b6 42. Bb3 Bc3 43. Kf5 Ke7 44. g5 hxg5 45. fxg5 Bd2 46. Kg6 Kf8 47. Bc4 Bc1 48. Bb3 Bd2 49. h6 gxh6 50.
Kxh6 Bc1 51. Kg6 Bd2 52. Kf6 Bc3+ 53. Kg6 Bd2 54. Kf5 Kg7 55. g6 Bc3 56. Bf7 Be1 57. Ke6 Bc3 58. Kd5 Be1 59. Kc6 Bf2 60. Kb5 Bc5 61. Kc4 Kf6 62. Kb3 Kg7 63. Kc4 Kf6 64. Kb3 Kg7 65. Kc4 1/2-1/2

[Event "*** Titled Tuesday Blitz"]
[Site "Chess.com"]
[Date "2020.04.21"]
[Round "2"]
[White "SGchess01"]
[Black "KubaGepard"]
[Result "0-1"]
[WhiteElo "2716"]
[BlackElo "2402"]
[TimeControl "180+1"]
[EndTime "10:17:53 PDT"]
[Termination "KubaGepard won by resignation"]

1. e4 e5 2. Nf3 Nc6 3. Nc3 Nf6 4. d4 exd4 5. Nxd4 Nxe4 6. Nxe4 Qe7 7. Be2 Qxe4 8. Nb5 Bb4+ 9. Bd2 Qxg2 10. Bf3 Bxd2+ 11. Ke2 Qg5 12. Nxc7+ Kd8 13. Nxa8 Re8+ 14. Kf1 d5 15. h4 Qf4 16. Bxd5 Nd4 17. c3 Ne2 18. Bg2 Ng3+ 19. Kg1 Nxh1 20. Kxh1 Qxh4+ 21. Kg1 Qg5 22. Qf3 Re6 23.
Qd3+ Bd7 24. Rd1 Rg6 25. Qf3 Bc6 26. Qg3 Qxg3 27. fxg3 Rd6 28. Bxc6 bxc6 29. Kg2 Kc8 30.
Kf3 Bf4 31. Re1 Bg5 32. Re8+ Kb7 33. Rf8 Bd8 34. Rxf7+ Kxa8 35. Rxg7 h6 36. g4 Bg5 37. Ke4 Rd5 38. b4 a5 39. a4 axb4 40. cxb4 Rd1 41.
Rc7 Rb1 42. Kd4 Rxb4+ 43. Kc5 Rxa4 44. Kb6 Rb4+ 45. Ka6 Kb8 46. Rxc6 Rxg4 47. Kb6 Rf4 48. Rg6 Rf6+ 49. Rxf6 Bxf6 50. Kc5 h5 51. Kd5 h4 52.
Ke4 h3 53. Kf3 Bh4 0-1

[Event "*** Titled Tuesday Blitz"]
[Site "Chess.com"]
[Date "2020.04.21"]
[Round "2"]
[White "Obito24"]
[Black "JakeCarlosBanawa"]
[Result "1-0"]
[WhiteElo "2639"]
[BlackElo "2315"]
[TimeControl "180+1"]
[EndTime "10:17:53 PDT"]
[Termination "Obito24 won on time"]

1. d4 Nf6 2. c4 e6 3. Nf3 b6 4. g3 Bb7 5. Bg2 Be7 6. O-O O-O 7.
Nc3 d5 8. Ne5 c6 9. Bf4 Nbd7 10.
cxd5 exd5 11. Rc1 Re8 12. e4 dxe4 13. Nxe4 Nxe4 14. Bxe4 Nxe5 15. dxe5 Rc8 16. Qc2 g5 17. Bxh7+ Kg7 18. Be3 c5 19. Rfd1 Qc7 20. Be4 Rh8 21.
f4 Rh5 22. Qg2 Bxe4 23. Qxe4 Rch8 24. Rd2 gxf4 25. gxf4 Qc8 26. Rg2+ Kf8 27. Rd1 c4 28. Kh1 Bc5 29. Qf3 Rh3 30. Rg3 Rxg3 31. Qxg3 Rh3 32.
Bxc5+ bxc5 33. Qg2 Rd3 34. Rg1 1-0

[Event "*** Titled Tuesday Blitz"]
[Site "Chess.com"]
[Date "2020.04.21"]
[Round "2"]
[White "ChrisTool2"]
[Black "chenxiaoyuer"]
[Result "1-0"]
[WhiteElo "2407"]
[BlackElo "2121"]
[TimeControl "180+1"]
[EndTime "10:17:53 PDT"]
[Termination "ChrisTool2 won on time"]

1. d4 Nf6 2. c4 g6 3. f3 Bg7 4. e4 d6 5. Nc3 O-O 6. Nge2 b6 7. Bg5 c5 8. d5 e6 9. Qd2 exd5 10.
cxd5 Ba6 11. Ng3 Bxf1 12. Nxf1 Na6 13. Ne3 Re8 14. O-O Nc7 15. a4 a6 16. Nc4 Rb8 17. Bf4 Nh5 18. Bxd6 b5 19. Bxc7 Qxc7 20. axb5 axb5 21.
d6 Qd7 22. Na5 Re6 23. Nd5 Rxd6 24. Qg5 h6 25. Qc1 c4 26. Kh1 Ra6 27. Qe3 Nf6 28.
Rfd1 Nxd5 29. Rxd5 Rd6 30. Rad1 Rxd5 31. exd5 Bxb2 32.
Qxh6 Bg7 33. Qf4 Ra8 34. Nc6 c3 35. h4 c2 36. Rc1 Ra1 37. Rxa1 Bxa1 38. Qc1 Bf6 39.
Qxc2 Qxd5 40. Nb4 1-0

[Event "*** Titled Tuesday Blitz"]
[Site "Chess.com"]
[Date "2020.04.21"]
[Round "2"]
[White "petincash"]
[Black "powermove"]
[Result "0-1"]
[WhiteElo "2337"]
[BlackElo "1601"]
[TimeControl "180+1"]
[EndTime "10:17:53 PDT"]
[Termination "powermove won on time"]

1. e4 e5 2. Nf3 Nc6 3. Bb5 a6 4. Ba4 Nf6 5. O-O Be7 6. Bxc6 dxc6 7. d3 Nd7 8. Nbd2 O-O 9. Nc4 f6 10. Ne3 Nc5 11. Nh4 g6 12. g3 f5 13. exf5 Bxh4 14.
gxh4 Bxf5 15. Nxf5 Rxf5 16. Qg4 Ne6 17. Be3 Qf6 18. Kh1 Rf8 19. Rg1 Nf4 20. Rae1 c5 21. Qf3 c6 22. Rg5 Nxd3 23. Rxf5 Nxe1 24. Rxf6 Nxf3 25. Rxf8+ Kxf8 26. Bxc5+ Kf7 27. h5 gxh5 28. c3 Ke6 29. b3 Kd5 30. Bf8 Ng5 31. Kg2 Ne6 32. Bh6 Ke4 33. Kh3 Kf3 34. Kh4 Kxf2 35. Kxh5 Kg2 36. h4 Kg3 37. Be3 e4 38. Kh6 Kxh4 39.
Kxh7 Kg4 40. Kg6 Kf3 41. Bg1 e3 42. Bxe3 Kxe3 43. Kf6 Nc5 44. Ke7 Kd3 45. Kd6 Ne4+ 0-1

[Event "*** Titled Tuesday Blitz"]
[Site "Chess.com"]
[Date "2020.04.21"]
[Round "2"]
[White "ElHelvetico"]
[Black "ajdemipopushi"]
[Result "1-0"]
[WhiteElo "2655"]
[BlackElo "2358"]
[TimeControl "180+1"]
[EndTime "10:17:54 PDT"]
[Termination "ElHelvetico won on time"]

1. e4 c5 2. Nf3 g6 3. d4 cxd4 4. Nxd4 Bg7 5. Nc3 Nc6 6. Be3 Nf6 7. Bc4 O-O 8. Bb3 Ng4 9. Qxg4 Nxd4 10. Qd1 Nxb3 11.
axb3 d6 12. O-O Be6 13. Bd4 Bxd4 14. Qxd4 a6 15. Rfe1 Qc7 16. Rad1 b5 17. b4 Rfc8 18. Re3 Qc4 19. f4 f6 20. h3 Qxd4 21. Rxd4 Ra7 22. Kf2 Rac7 23. Red3 Kf7 24. g4 g5 25. f5 Bd7 26.
Rd2 Rc4 27. Ke3 h5 28. Rxc4 Rxc4 29. Nd5 h4 30. c3 Rc8 31. Nb6 Rc7 32. Nxd7 Rxd7 33.
Rd1 Rc7 34. Kd4 Ke8 35. Kd5 Kd7 36. Ra1 Rc6 37. Ra3 Rb6 38. b3 Kd8 39. c4 bxc4 40.
bxc4 Rxb4 41. Rxa6 Rb3 42. Ra8+ Kd7 43. Ra7+ Kd8 44.
Ke6 Rxh3 45. Rd7+ Kc8 46. Rxe7 Re3 47. Kxf6 h3 48. Kxg5 Rxe4 49. Rxe4 1-0

[Event "*** Titled Tuesday Blitz"]
[Site "Chess.com"]
[Date "2020.04.21"]
[Round "2"]
[White "drd_davi"]
[Black "Anurag328"]
[Result "0-1"]
[WhiteElo "2339"]
[BlackElo "2708"]
[TimeControl "180+1"]
[EndTime "10:17:55 PDT"]
[Termination "Anurag328 won on time"]

1. e4 g6 2. d4 Bg7 3. Nc3 e6 4. h4 h6 5. Be3 Ne7 6. Qd2 a6 7.
O-O-O b5 8. d5 d6 9. f4 b4 10. Nce2 exd5 11. Bd4 O-O 12. Bxg7 Kxg7 13. h5 dxe4 14.
hxg6 fxg6 15. Qd4+ Rf6 16. Rxh6 Nf5 17. Qxe4 Nxh6 18. Qxa8 Nd7 19. Nf3 Nb6 20. Qe4 c5 21. Ng3 Qf8 22. Bd3 d5 23. Qe5 Ng4 24. Qc7+ Qf7 25. Qxc5 Nd7 26. Qd4 Nf8 27. Ng5 Qc7 28. Qxd5 Qxf4+ 29. Kb1 Qxg3 30. Qd8 Be6 31. Qe7+ Bf7 32.
Rh1 Qe5 33. Qxe5 Nxe5 34. Ne4 Rf4 35. Nd6 Bd5 36. Re1 Nxd3 37. cxd3 Bxg2 38. Re7+ Kh6 39. Ne4 Bxe4 40. dxe4 g5 41. Re8 g4 0-1

[Event "*** Titled Tuesday Blitz"]
[Site "Chess.com"]
[Date "2020.04.21"]
[Round "2"]
[White "kreonx"]
[Black "Sammed_Shete"]
[Result "0-1"]
[WhiteElo "2235"]
[BlackElo "2574"]
[TimeControl "180+1"]
[EndTime "10:17:56 PDT"]
[Termination "Sammed_Shete won on time"]

1. e4 c5 2. Nc3 Nc6 3. g3 g6 4. Bg2 Bg7 5. d3 e6 6. Be3 h5 7.
Bxc5 Nge7 8. Be3 h4 9. g4 d5 10. exd5 exd5 11. d4 Qb6 12. h3 Qxb2 13. Nge2 Qb6 14.
O-O Be6 15. Rb1 Qc7 16. Nf4 Rd8 17. Nxe6 fxe6 18. Ne2 O-O 19. Bg5 Bf6 20. Qd2 Nc8 21. Bxf6 Rxf6 22. Qg5 Rdf8 23. Qxh4 Nd6 24. Qg3 Qd7 25.
f4 Nc4 26. Qd3 Qg7 27. g5 Rf5 28. h4 Qh7 29. Bh3 Qxh4 30. Bxf5 Rxf5 31. Rxb7 Qg4+ 32. Kh2 Nd6 33. Ng3 Nxb7 34. Qb5 Nbd8 35. Nxf5 gxf5 36. Qd3 Qh4+ 37. Qh3 Qxh3+ 38. Kxh3 Nxd4 39. Rb1 N8c6 40. Kh4 Nxc2 41. Kh5 Ne7 42. Kh6 Nd4 43. Rb8+ Kf7 44. g6+ Nxg6 45. Rb7+ Ne7 46. Rxa7 Ne2 47. Kg5 Ng3 48.
a4 Ne4+ 0-1

[Event "*** Titled Tuesday Blitz"]
[Site "Chess.com"]
[Date "2020.04.21"]
[Round "2"]
[White "Majesth"]
[Black "vugarrasulov"]
[Result "0-1"]
[WhiteElo "2503"]
[BlackElo "2722"]
[TimeControl "180+1"]
[EndTime "10:17:57 PDT"]
[Termination "vugarrasulov won on time"]

1. d4 Nf6 2. Nc3 d5 3. Bf4 e6 4. Nb5 Na6 5. e3 Be7 6. Nf3 O-O 7. c4 Bb4+ 8. Nc3 Ne4 9. Qc2 c5 10. Bd3 cxd4 11. exd4 h6 12. Bxe4 dxe4 13. Qxe4 Qa5 14. Bd2 Bd7 15. Ne5 Qc7 16. O-O Bc6 17. Nxc6 bxc6 18.
a3 Be7 19. b4 Rad8 20. Be3 Bf6 21. Rfd1 Rd7 22. Bf4 Qc8 23. Be5 Bxe5 24. dxe5 Rfd8 25.
Qe2 Qc7 26. Rxd7 Rxd7 27. Rd1 Rxd1+ 28. Nxd1 Nb8 29. f4 a5 30. Qe3 axb4 31. axb4 Na6 32. b5 cxb5 33. cxb5 Nb4 34. h3 Nd5 35. Qd4 Qc1 36. Kh2 Qb1 37. b6 g6 38. Nc3 Nxc3 39.
Qxc3 Qxb6 40. Qc8+ Kg7 41. Qc3 Qf2 42. Qf3 Qd2 43.
Qg3 Qe2 44. Qf3 Qxf3 45. gxf3 Kf8 46. Kg3 Ke7 47. h4 Kd7 48. h5 Kc6 49. hxg6 fxg6 50. Kf2 Kd5 51. Kg3 Kd4 52. Kg4 Ke3 53. f5 gxf5+ 54. Kh5 Kxf3 55. Kg6 Ke4 56. Kf6 Kd5 0-1

[Event "*** Titled Tuesday Blitz"]
[Site "Chess.com"]
[Date "2020.04.21"]
[Round "2"]
[White "HrvojeZagreb"]
[Black "WinningButNotReally"]
[Result "0-1"]
[WhiteElo "2133"]
[BlackElo "2412"]
[TimeControl "180+1"]
[EndTime "10:17:58 PDT"]
[Termination "WinningButNotReally won by resignation"]

1. d4 Nf6 2. Bf4 g6 3. Nc3 Bg7 4. e4 d5 5. e5 Ne4 6. Nxe4 dxe4 7. Bc4 O-O 8. h4 h5 9. Ne2 Bg4 10. Qd2 Nc6 11. O-O-O Na5 12. Qxa5 b6 13. Qd2 b5 14. Bb3 a5 15. a4 Rb8 16. Rdf1 Qd7 17.
f3 exf3 18. gxf3 bxa4 19. Bc4 Bf5 20. Ng3 a3 21. bxa3 Bh3 22. Rxh3 Qxh3 23. Ne4 Qd7 24.
Qc3 Rfd8 25. Be3 e6 26. Ng5 c5 27. d5 exd5 28. Ba2 Qb7 29. Qa1 c4 30. Bd4 Bh6 31. f4 Qe7 32. e6 Qxa3+ 33. Kd2 Bxg5 34. hxg5 fxe6 35. Bh8 Rd7 36. f5 d4 37. fxe6 Qe3+ 38. Kd1 Re7 39. Bf6 Rxe6 40. Bxc4 Re8 41. Qa2 Kh7 42.
Bxe6 Rxe6 43. Qc4 Qg3 44. Qd3 Qg4+ 45. Kc1 h4 46. Bxd4 Qxg5+ 47. Kb1 Qd5 48. Rf7+ Kg8 49. Rg7+ Kf8 50. Qf3+ Qxf3 51. Rf7+ Qxf7 0-1

[Event "*** Titled Tuesday Blitz"]
[Site "Chess.com"]
[Date "2020.04.21"]
[Round "2"]
[White "praveenb2002"]
[Black "Noam_Vitenberg"]
[Result "1-0"]
[WhiteElo "2718"]
[BlackElo "2500"]
[TimeControl "180+1"]
[EndTime "10:17:59 PDT"]
[Termination "praveenb2002 won by resignation"]

1. d4 d5 2. c4 e6 3. Nf3 Nf6 4.
g3 dxc4 5. Bg2 a6 6. O-O Nc6 7. e3 Rb8 8. Nfd2 e5 9. Bxc6+ bxc6 10. dxe5 Ng4 11. Nxc4 Be6 12. Qxd8+ Rxd8 13. Nbd2 Bb4 14. a3 Bxd2 15. Nxd2 Nxe5 16. f4 Nd3 17. Nf3 O-O 18.
b4 Bh3 19. Rd1 Bg4 20. Rf1 Rfe8 21. Nd4 c5 22. bxc5 Nxc1 23. Raxc1 Rxe3 24. Rfe1 Rxe1+ 25. Rxe1 Kf8 26. Nc6 Rd2 27. Rb1 f6 28. Rb8+ Kf7 29. Rb7 Bf3 30. Rxc7+ Kg6 31. Ne7+ Kh6 32. Nf5+ Kh5 33.
Rxg7 Rg2+ 34. Kf1 Rxh2 35. Rxh7+ Kg6 36. Rxh2 Kxf5 37. Kf2 Bd5 38. Rh7 Ke6 39. Ra7 Bc4 40. c6 Bb5 41. c7 Kd7 42. Ke3 Kc8 43. Kd4 Kd7 44. Kc5 Kc8 45. Kd6 f5 46. Ra8+ Kb7 47.
c8=Q+ 1-0

[Event "*** Titled Tuesday Blitz"]
[Site "Chess.com"]
[Date "2020.04.21"]
[Round "2"]
[White "zajka-molotok"]
[Black "Jungle_Jaguar"]
[Result "0-1"]
[WhiteElo "2418"]
[BlackElo "2664"]
[TimeControl "180+1"]
[EndTime "10:17:59 PDT"]
[Termination "Jungle_Jaguar won by resignation"]

1. d4 Nf6 2. c4 e6 3. Nc3 Bb4 4. e3 O-O 5. Bd3 d5 6. Nf3 c5 7. O-O cxd4 8. exd4 dxc4 9. Bxc4 b6 10. Bg5 Bb7 11. Qe2 Nbd7 12. Rac1 Be7 13. Rfd1 a6 14. Ne5 b5 15. Bb3 h6 16. Bh4 Nb6 17. Nxf7 Rxf7 18.
Bxe6 Nfd5 19. Nxd5 Bxd5 20. Bxf7+ Kxf7 21. Bxe7 Qxe7 22. Qh5+ Kg8 23. Re1 Qd7 24. Qg6 Nc4 25. b3 Nd6 26.
Re5 Bf7 27. Qg3 Rd8 28. Rec5 Nf5 29. Qg4 Nxd4 30. Qxd7 Rxd7 31. Kf1 Bg6 32. f3 Nf5 33. Kf2 Rd2+ 34. Kg1 Ne3 35. Rc6 Rxg2+ 36. Kh1 Bh5 37.
R6c3 Bxf3 38. Rxe3 Rc2+ 39. Rxf3 Rxc1+ 40. Kg2 Rc2+ 41. Kg3 Rxa2 42. Rd3 Ra3 43. Kf4 Kh7 44. Kf5 a5 45.
h4 a4 46. Rd5 Rxb3 0-1

[Event "*** Titled Tuesday Blitz"]
[Site "Chess.com"]
[Date "2020.04.21"]
[Round "2"]
[White "Shahinyan_ChessMood"]
[Black "tomsishere"]
[Result "1-0"]
[WhiteElo "2660"]
[BlackElo "2387"]
[TimeControl "180+1"]
[EndTime "10:17:59 PDT"]
[Termination "Shahinyan_ChessMood won by resignation"]

1. e4 c5 2. Nc3 a6 3. g3 b5 4. Bg2 Bb7 5. d3 e6 6. Nh3 d5 7.
exd5 b4 8. O-O bxc3 9. dxe6 Bxg2 10. exf7+ Kxf7 11. Ng5+ Ke8 12. Re1+ Be7 13. Kxg2 Qd5+ 14. Nf3 Nc6 15. bxc3 Nf6 16. c4 Qd7 17. Bb2 Kf8 18. Ng5 Rb8 19. Bc3 Nd4 20. Bxd4 cxd4 21. Qf3 Qb7 22. Ne6+ Kf7 23. Nxd4 Qxf3+ 24. Nxf3 Rhd8 25.
Ne5+ Kf8 26. Nc6 Rb7 27. Rxe7 Rxe7 28. Nxd8 Re2 29. h3 Rxc2 30. Ne6+ Kf7 31. Nc5 a5 32. a4 h5 33. Rb1 h4 34. g4 Ke7 35. Rb5 Kd6 36.
Rxa5 Kc6 37. Rb5 Ne8 38. Ne4 Nc7 39. Rc5+ Kd7 40. a5 Ne6 41. Rd5+ Kc7 42. Kf3 Ra2 43. Nc5 Nd8 44. a6 Nc6 45. Rg5 Kb6 46. Ne4 Nd4+ 47. Ke3 Nc2+ 48. Kf4 Nd4 49. Rg6+ Ka5 50. a7 Kb4 51.
Rb6+ Ka5 52. a8=Q+ Kxb6 53. Qxa2 Ne6+ 54. Ke3 Nc7 55.
c5+ Kb7 56. Qf7 1-0